 Dungeon Sprint DCSS version 0.18.1-5-g4a78601 (webtiles) character file.

9713 Hipnos the Imperceptible (level 11, -3/76 HPs)
             Began as a Vampire Enchanter on May 14, 2016.
             Was the Champion of Dithmenos.
             Slain by a demonic crawler (6 damage)
             ... in the Dungeon (Sprint I: "Red Sonja").
             The game lasted 00:16:39 (1728 turns).

Hipnos the Imperceptible (Vampire Enchanter)        Turns: 1728, Time: 00:16:40

Health: -3/76      AC:  8    Str:  4 (5)  XL:     11   Next: 26%
Magic:  23/23      EV: 11    Int: 18 (19) God:    Dithmenos [******]
Gold:   557        SH:  3    Dex: 16 (17) Spells: 3 memorised, 21 levels left

rFire  . . .     SeeInvis +     k - +2 dagger (drain)
rCold  . . .     Gourm    .     n - +2 ring mail {MR+}
rNeg   + . .     Faith    .     (no shield)
rPois  +         Spirit   .     (no helmet)
rElec  .         Dismiss  .     r - +0 cloak
rCorr  .         Reflect  +     (no gloves)
SustAt .         Harm     .     (no boots)
MR     ++...     NoTele   +     p - +3 amulet of reflection
Stlth  ++++++++++               (no ring)
                                o - ring of poison resistance

@: very slightly contaminated, wreathed by umbra, very resistant to hostile
enchantments, uncannily stealthy
A: fangs 3, see invisible, deterioration 2, screaming 1, weak 1, unbreathing
a: Bat Form, Shadow Step, Shadow Form, Renounce Religion


You were in the Dungeon.
You worshipped Dithmenos.
Dithmenos was exalted by your worship.
You were not thirsty.

You visited 1 branch You collected 1200 gold pieces.
You spent 643 gold pieces at shops.

Inventory:

Hand Weapons
 a - a +1 dagger
 k - a +2 dagger of draining (weapon)
Armour
 b - a +1 robe
 n - a +2 ring mail of magic resistance (worn)
 r - a +0 cloak (worn)
Jewellery
 o - a ring of poison resistance (left hand)
 p - a +3 amulet of reflection (around neck)
Wands
 q - a wand of polymorph (17/24)
Scrolls
 d - a scroll of enchant weapon {unknown}
 f - a scroll of remove curse {unknown}
 l - a scroll of summoning {unknown}
 m - 2 scrolls of enchant armour {unknown}
Potions
 e - a potion of curing
 g - 3 potions of haste
 h - a potion of magic
 i - a potion of berserk rage
Books
 c - a book of Maledictions

   Spells                             Type                      Level
   a - Corona                         Hexes                        1
   b - Ensorcelled Hibernation        Hexes/Ice                    2
   c - Confuse                        Hexes                        3
   d - Tukima's Dance                 Hexes                        3
   e - Dazzling Spray                 Conjuration/Hexes            3


   Skills:
 + Level 3.7 Fighting
 * Level 11.1 Short Blades
 + Level 7.3 Dodging
 * Level 25.3 Stealth
 + Level 8.6 Spellcasting
 * Level 18.7 Hexes
 - Level 0.4 Ice Magic


You had 21 spell levels left.
You knew the following spells:

 Your Spells              Type           Power        Failure   Level  Hunger
a - Corona                Hex            ######.      1%          1    None
b - Ensorcelled Hibernat  Hex/Ice        #####.       1%          2    None
c - Confuse               Hex            ######..     1%          3    None


Dungeon Overview and Level Annotations

Branches:
Dungeon (1/1)

Altars:
Cheibriados
Dithmenos
Elyvilon
Fedhas
Gozag
Kikubaaqudgha
Makhleb
Nemelex Xobeh
Okawaru
Pakellas
Qazlal
Ru
Sif Muna
Trog
Vehumet
Xom
Yredelemnul
Zin
The Shining One
Jiyva

Shops:
D *}%(?=[*%(([%(?[%


Innate Abilities, Weirdness & Mutations

You have razor-sharp teeth.
You have supernaturally acute eyesight.
You can survive without breathing.
Your body often deteriorates upon taking damage.
You occasionally shout uncontrollably at your foes.
You are weak. (Str -2)


Message History

The helpless hog fails to defend itself.
You spit the hog like the proverbial pig!!!!!
You kill the hog!
Dithmenos accepts your kill. The demonic crawler hits you!
* * * LOW HITPOINT WARNING * * *
The demonic crawler barely misses you. The demonic crawler closely misses you.
Drink which item? (? for menu, Esc to quit)
You feel better. The demonic crawler hits you.
* * * LOW HITPOINT WARNING * * *
The demonic crawler hits you but does no damage.
The demonic crawler misses you.
Casting: Ensorcelled Hibernation
Confirm with . or Enter, or press ? or * to list all spells.
You don't have enough magic to cast that spell.
Drink which item? (? for menu, Esc to quit)
Magic courses through your body. The demonic crawler hits you!
* * * LOW HITPOINT WARNING * * *
The demonic crawler closely misses you. The demonic crawler hits you.
You die...

##########################
)'..#__#..'..)#(@#§h§§§hhh
.#..'..'..#...##s#§####h§§.h
###'#__####)§.'.h#§# h§§#
..#(####§§#####..'§# #+
.##.#≈≈§§§#.§##'####
'#..+§§§.§'.§#§§§§^#
..._#≈§§§§#..#.§§.§+
_.#'##'#####'###§).#
#'#.#§§..###.'.#§.§#


You could see a demonic crawler and a hog.

Vanquished Creatures
  2 centaur warriors (D)
  Sonja (D)
  A deep troll (D)
  2 unseen horrors (D)
  A lindwurm (D)
  2 shining eyes (D)
  An oklob plant (D)
  A gargoyle (D)
  3 demonic crawlers (D)
  2 kobold demonologists (D)
  A slime creature (D)
  2 redbacks (D)
  Sigmund (D)
  A yak (D)
  7 hogs (D)
  4 giant eyeballs (D)
  7 necrophages (D)
  A wasp (D)
  An ogre (D)
  8 jellies (D)
  Ijyb (D)
  2 ballistomycetes (D)
  A giant spore (D)
53 creatures vanquished.

Vanquished Creatures (others)
  4 hogs (D)
  A giant spore (D)
5 creatures vanquished.

Grand Total: 58 creatures vanquished

Notes
Turn   | Place    | Note
--------------------------------------------------------------
     0 | D        | Hipnos the Vampire Enchanter began the quest for the Orb.
     0 | D        | Reached XP level 1. HP: 13/13 MP: 3/3
     1 | D        | Noticed Ijyb
     7 | D        | Killed Ijyb
     7 | D        | Reached skill level 6 in Stealth
     7 | D        | Reached XP level 2. HP: 12/20 MP: 5/5
   132 | D        | Learned a level 2 spell: Ensorcelled Hibernation
   133 | D        | Noticed an ogre
   146 | D        | Killed an ogre
   146 | D        | Reached skill level 1 in Fighting
   146 | D        | Reached skill level 8 in Stealth
   146 | D        | Reached XP level 3. HP: 26/26 MP: 3/7
   146 | D        | Reached XP level 4. HP: 32/32 MP: 3/8
   190 | D        | Noticed Sigmund
   194 | D        | Killed Sigmund
   194 | D        | Reached skill level 11 in Stealth
   194 | D        | Reached XP level 5. HP: 37/37 MP: 6/10
   240 | D        | Found a deep blue altar of Sif Muna.
   242 | D        | Found a radiant altar of Vehumet.
   246 | D        | Reached skill level 5 in Short Blades
   246 | D        | Reached XP level 6. HP: 43/43 MP: 11/11
   249 | D        | Found Jiext's Gadget Emporium.
   249 | D        | Found a white marble altar of Elyvilon.
   249 | D        | Found a stormy altar of Qazlal.
   249 | D        | Found a burning altar of Makhleb.
   249 | D        | Found a sacrificial altar of Ru.
   249 | D        | Found an oddly glowing altar of Pakellas.
   249 | D        | Found a basalt altar of Yredelemnul.
   249 | D        | Found a glowing golden altar of the Shining One.
   249 | D        | Found a sparkling altar of Nemelex Xobeh.
   249 | D        | Found a shimmering altar of Xom.
   249 | D        | Found an opulent altar of Gozag.
   249 | D        | Found an ancient bone altar of Kikubaaqudgha.
   249 | D        | Found a glowing silver altar of Zin.
   249 | D        | Noticed a yak
   250 | D        | Found an iron altar of Okawaru.
   251 | D        | Killed a yak
   251 | D        | Reached skill level 13 in Stealth
   252 | D        | Found a bloodstained altar of Trog.
   263 | D        | Found a snail-covered altar of Cheibriados.
   263 | D        | Found a viscous altar of Jiyva.
   263 | D        | Found a shadowy altar of Dithmenos.
   263 | D        | Found a blossoming altar of Fedhas.
   263 | D        | Noticed a slime creature
   266 | D        | Killed a slime creature
   266 | D        | Reached skill level 14 in Stealth
   266 | D        | Reached XP level 7. HP: 49/49 MP: 8/13
   270 | D        | Became a worshipper of Dithmenos the Shadowed
   275 | D        | Learned a level 3 spell: Confuse
   313 | D        | Noticed a kobold demonologist
   314 | D        | Noticed a kobold demonologist
   316 | D        | Killed a kobold demonologist
   316 | D        | Reached skill level 15 in Stealth
   319 | D        | Killed a kobold demonologist
   319 | D        | Reached * piety under Dithmenos
   319 | D        | Reached skill level 16 in Stealth
   319 | D        | Reached skill level 5 in Spellcasting
   319 | D        | Reached skill level 15 in Hexes
   319 | D        | Reached XP level 8. HP: 56/56 MP: 13/15
   332 | D        | Noticed a demonic crawler
   332 | D        | Noticed a demonic crawler
   332 | D        | Noticed a demonic crawler
   332 | D        | Noticed a demonic crawler
   453 | D        | Noticed Sonja
   457 | D        | Killed Sonja
   457 | D        | Reached skill level 5 in Dodging
   457 | D        | Reached skill level 17 in Stealth
   477 | D        | Noticed a deep troll
   481 | D        | Killed a deep troll
   481 | D        | Reached skill level 19 in Stealth
   481 | D        | Reached XP level 9. HP: 62/62 MP: 17/17
   508 | D        | Found Tezxute's Armour Emporium.
   530 | D        | Noticed a centaur warrior
   530 | D        | Noticed a centaur warrior
   533 | D        | Killed a centaur warrior
   533 | D        | Reached ** piety under Dithmenos
   533 | D        | Reached skill level 20 in Stealth
   535 | D        | Killed a centaur warrior
   535 | D        | Reached skill level 21 in Stealth
   558 | D        | Noticed an oklob plant
   560 | D        | Killed an oklob plant
   560 | D        | Reached XP level 10. HP: 68/68 MP: 19/19
   572 | D        | Reached *** piety under Dithmenos
   575 | D        | Noticed an unseen horror
   575 | D        | Noticed an unseen horror
   586 | D        | Killed an unseen horror
   586 | D        | Reached skill level 22 in Stealth
   590 | D        | Killed an unseen horror
   590 | D        | Reached skill level 10 in Short Blades
   590 | D        | Reached skill level 23 in Stealth
   741 | D        | Reached **** piety under Dithmenos
   797 | D        | Reached ***** piety under Dithmenos
   919 | D        | Found Xienar's Weapon Boutique.
   919 | D        | Found Iqugir Ahum's Food Emporium.
   919 | D        | Found Zougot's Magic Scroll Emporium.
   921 | D        | Found Jajalois's Food Boutique.
   921 | D        | Found Faskaloi's Armour Shoppe.
   921 | D        | Found Nieloib's Antique Weapon Shop.
   921 | D        | Found Oleaq's Antique Weapon Emporium.
   921 | D        | Found Opoymea's Food Boutique.
   921 | D        | Found Xygej's General Store.
   921 | D        | Found Fixem's Antique Armour Shop.
   926 | D        | Found Gut Tyn's Jewellery Emporium.
   927 | D        | Found Somam's Magic Scroll Boutique.
   927 | D        | Found Hujirph's Antique Weapon Shoppe.
   928 | D        | Found Dour Jene's Food Shop.
   939 | D        | Bought an uncursed ring of poison resistance for 240 gold pieces
   939 | D        | Bought a +3 amulet of reflection for 300 gold pieces
  1246 | D        | Found Foez's Assorted Antiques.
  1254 | D        | Bought a cloak for 103 gold pieces
  1261 | D        | Noticed a shining eye
  1261 | D        | Noticed a shining eye
  1261 | D        | Noticed a shining eye
  1261 | D        | Noticed a shining eye
  1261 | D        | Noticed a shining eye
  1261 | D        | Noticed a shining eye
  1264 | D        | Noticed a shining eye
  1264 | D        | Noticed a shining eye
  1265 | D        | Killed a shining eye
  1265 | D        | Reached skill level 24 in Stealth
  1268 | D        | Gained mutation: You tend to lose your temper in combat. [a shining eye]
  1269 | D        | Gained mutation: You are weak. (Str -2) [a shining eye]
  1271 | D        | Gained mutation: You occasionally shout uncontrollably at your foes. [a shining eye]
  1271 | D        | Gained mutation: Your body sometimes deteriorates upon taking damage. [a shining eye]
  1272 | D        | Killed a shining eye
  1278 | D        | Lost mutation: You tend to lose your temper in combat. [a shining eye]
  1283 | D        | Gained mutation: Your body often deteriorates upon taking damage. [a shining eye]
  1373 | D        | Reached ****** piety under Dithmenos
  1373 | D        | Reached XP level 11. HP: 51/70 MP: 1/22
  1657 | D        | Noticed a lindwurm
  1660 | D        | Killed a lindwurm
  1660 | D        | Reached skill level 25 in Stealth
  1726 | D        | HP: 1/76 [demonic crawler (8)]
  1728 | D        | Slain by a demonic crawler

Skill      XL: |  1  2  3  4  5  6  7  8  9 10 11 |
---------------+----------------------------------+-----
Short Blades   | 2 3 4 5 6 7 8 9 10 11 | 11.1
Stealth        | 6 8 11 14 16 19 21 24 25 | 25.3
Hexes          | 7 9 11 13 15 16 17 18 | 18.7
Fighting       | 1 2 3 |  3.7
Dodging        | 3 4 5 6 7 |  7.3
Spellcasting   | 3 4 5 6 7 8 |  8.6
Ice Magic      | |  0.4

Action                   |  1- 3 |  4- 6 |  7- 9 | 10-12 || total
-------------------------+-------+-------+-------+-------++-------
Melee: Dagger            |     5 |     4 |     9 |    99 ||   117
       Bite              |       |       |       |    12 ||    12
 Cast: Ensorcelled Hiber |     3 |     3 |       |    22 ||    28
       Confuse           |       |       |       |    18 ||    18
 Abil: End Transformatio |       |       |     1 |     2 ||     3
       Bat Form          |       |       |     1 |     2 ||     3
  Use: Potion            |     2 |       |     3 |     3 ||     8
       Scroll            |       |       |       |     1 ||     1
 Stab: Sleeping          |     2 |     4 |     9 |    27 ||    42
       Confused          |       |       |       |     8 ||     8
       Distracted        |       |       |       |     1 ||     1
Armor: Robe              |     1 |       |       |     1 ||     2
       Ring mail         |       |       |       |    17 ||    17
Dodge: Dodged            |     1 |       |     4 |    60 ||    65
Block: Other             |       |       |       |     5 ||     5
